 Dungeon Crawl Stone Soup version 0.31-a0-1327-g8c40ea976f (webtiles) character file.

Game seed: 17366987284341428611

37 GreatBamboolord the Apothecary (level 3, -1/30 HPs)
             Began as a Naga Alchemist on Dec 21, 2023.
             Slain by Crazy Yiuf
             ... wielding a +2 quarterstaff of chaos
              (7 damage)
             ... on level 2 of the Dungeon.
             The game lasted 00:04:13 (1553 turns).

GreatBamboolord the Apothecary (Naga Alchemist)     Turns: 1553, Time: 00:04:14

Health: -1/30      AC:  3    Str: 10    XL:     3   Next: 41%
Magic:  5/6        EV: 10    Int: 17    God:
Gold:   60         SH:  0    Dex: 11    Spells: 0/6 levels left

rFire   . . .        i - staff of alchemy
rCold   . . .        (no shield)
rNeg    . . .        a - +0 robe
rPois   +            (no helmet)
rElec   .            f - +0 cloak
rCorr   .            (no gloves)
SInv    +            (no barding)
Will    .....        (no amulet)
Stlth   ++           (no ring)
HPRegen 0.25/turn    (no ring)
MPRegen 0.10/turn

%: no passive effects
@: very slow
A: AC +1, large, see invisible, deformed body, poison resistance, slowness 2,
spit poison 1, naga tail 1
a: Spit Poison


You were on level 2 of the Dungeon.
You visited 1 branch of the dungeon, and saw 2 of its levels.

You collected 60 gold pieces.

Inventory:

Armour
 a - a +0 robe (worn)
 f - a +0 cloak (worn)
Magical Staves
 i - a staff of alchemy (weapon)
Scrolls
 d - a scroll of poison {unknown}
 g - a scroll of fog
 j - a scroll of identify {unknown}
Potions
 c - a potion of might {unknown}
 e - a potion of brilliance {unknown}
 h - a potion of enlightenment {unknown}
 k - a potion of heal wounds {unknown}


   Skills:
 + Level 0.4 Fighting
 + Level 1.7 Dodging
 + Level 3.3 Stealth
 * Level 2.3 Spellcasting
 * Level 1.6 Conjurations
 * Level 1.0 Air Magic
 * Level 3.9 Alchemy


You couldn't memorise any spells.
You knew the following spells:

 Your Spells              Type           Power      Damage    Failure   Level
a - Sting                 Conj/Alch      68%        1d7       6%          1
b - Mercury Vapours       Alch/Air       30%        N/A       10%         2
c - Mephitic Cloud        Conj/Alch/Air  14%        N/A       22%         3

Your spell library contained the following spells:

 Spells                   Type           Power      Damage    Failure   Level
 Olgreb's Toxic Radiance  Alch           23%        N/A       36%         4
 Sticky Flame             Fire/Alch      13%        2d5       63%         4


Dungeon Overview and Level Annotations

Branches:
Dungeon (2/15)

Altars:

Shops:
D:1 [*([*

Annotations:
D:2 Crazy Yiuf


Innate Abilities, Weirdness & Mutations

Your serpentine skin is tough. (AC +1)
You have supernaturally acute eyesight. (SInv)
Armour fits poorly on your strangely shaped body.
Your system is resistant to poisons. (rPois)
You cover ground very slowly.
You can spit poison.
You have a snake-like lower body.


Message History

Crazy Yiuf freezes you.
Unknown command.
Crazy Yiuf hits you with a +2 quarterstaff of chaos.
You see here a +0 hammer.
You see here a +0 hammer.
You closely miss Crazy Yiuf.
Crazy Yiuf is moderately wounded.
Crazy Yiuf closely misses you.
You completely miss Crazy Yiuf.
Crazy Yiuf is moderately wounded.
Crazy Yiuf says, "Whippet!
Lugonu tea tea."
Crazy Yiuf barely misses you.
You completely miss Crazy Yiuf.
Crazy Yiuf is moderately wounded.
Crazy Yiuf is no longer weakened.
Crazy Yiuf screams, "Snoogle!"
Crazy Yiuf hits you with a +2 quarterstaff of chaos!
Crazy Yiuf completely misses you.
Aiming: Sting (safe; 6% risk of failure)
Press: ? - help, Q - select action, (/) - cycle Shift-Dir - straight line, f/p - Crazy Yiuf
Aim: Crazy Yiuf, wielding a +2 quarterstaff of chaos and wearing a +0 cloak of preservation (moderately wounded, poisoned, 77% to hit)
You feel a surge of power!
The sting hits Crazy Yiuf.
Crazy Yiuf looks even sicker.
Crazy Yiuf is heavily wounded.
Your attacks no longer feel as feeble.
Crazy Yiuf barely misses you. Magic courses through your body.
Crazy Yiuf says, "Gnoll Hive water!"
Crazy Yiuf hits you with a +2 quarterstaff of chaos!
* * * LOW HITPOINT WARNING * * *
Casting: Sting (safe; 6% risk of failure)
Confirm with . or Enter, or press ? or * to list all spells.
Aiming: Sting (safe; 6% risk of failure)
Press: ? - help, Shift-Dir - straight line, f/p - Crazy Yiuf
Aim: Crazy Yiuf, wielding a +2 quarterstaff of chaos and wearing a +0 cloak of preservation (severely wounded, very poisoned, 77% to hit)
You feel a surge of power!
The sting hits Crazy Yiuf.
Crazy Yiuf looks even sicker.
Crazy Yiuf is almost dead.
Crazy Yiuf hits you with a +2 quarterstaff of chaos!
You die...

#.........# #
....###....# # ###
###..# # #..########
#.......... ###
♣♣####..##.... #)))#♣♣
♣♣.#..#..##....
#.))')♣♣♣♣..............
#)))#♣g@♣).P...####.....
### ♣♣♣)♣)P#.## ##.#..
♣♣♣♣♣### #.#.. #.#.. ###
###### #.#..
#.#####....# #####....
#.....#....# #......>.
#####.#....# #........
#.#....# #........


You could see Crazy Yiuf (very poisoned).

Vanquished Creatures
  2 adders (D:2)
  A dart slug (D:1)
  A bat (D:1)
  An endoplasm (D:2)
  2 giant cockroaches
  2 goblins
  A hobgoblin (D:2)
  2 quokkas (D:2)
  2 ball pythons (D:2)
  2 frilled lizards
  2 kobolds
18 creatures vanquished.

Notes
Turn   | Place    | Note
-------+----------+-------------------------------------------
     0 | D:1      | GreatBamboolord the Naga Alchemist began the quest for the
                  | Orb.
     0 | D:1      | Reached XP level 1. HP: 15/15 MP: 3/3
   153 | D:1      | Found Sidor's Antique Armour Boutique.
   284 | D:1      | Found Kyudam's Armour Boutique.
   321 | D:1      | Found Ety Luss's Assorted Antiques.
   413 | D:1      | Found Aska's Weapon Shop.
   531 | D:1      | Found Durydy's Assorted Antiques.
   647 | D:1      | Reached XP level 2. HP: 22/22 MP: 1/5
  1147 | D:2      | Reached XP level 3. HP: 30/30 MP: 2/6
  1189 | D:2      | Learned a level 2 spell: Mercury Vapours
  1193 | D:2      | Learned a level 3 spell: Mephitic Cloud
  1274 | D:2      | Reached skill level 1 in Air Magic
  1538 | D:2      | Found a runed translucent door.
  1539 | D:2      | Noticed Crazy Yiuf
  1553 | D:2      | Slain by Crazy Yiuf

Illustrated notes

Levels and vault maps discovered:
D:1:      dpeg_arrival_shrine, layout_loops_ring, serial_shops, shop, shop,
          shop, shop, shop, amcnicky_mini_corridor_feature
D:2:      layout_basic, uniq_crazy_yiuf_cottage

Skill      XL: |  1  2  3 |
---------------+----------+-----
Air Magic      | 1 |  1.0
Fighting       | |  0.4
Dodging        | |  1.7
Stealth        | |  3.3
Spellcasting   | |  2.3
Conjurations   | |  1.6
Alchemy        | |  3.9

Action                     || total
---------------------------++-------
  Melee: Dagger            ||     1
         Staff             ||    10
   Cast: Sting             ||    43
         Mercury Vapours   ||     1
    Use: Scroll            ||     1
         Potion            ||     1
 Armour: Robe              ||    26
  Dodge: Dodged            ||    16

Table legend: (Time is in decaauts)
 A = Elapsed time spent in this place.
 B = Non-inter-level travel time spent in this place.
 C = Inter-level travel time spent in this place.
 D = Time resting spent in this place.
 E = Time spent auto-exploring this place.
 F = Levels seen in this place.
 G = Mean time per level.
                   A        B        C        D        E       F      G
               +--------+--------+--------+--------+--------+-----+--------+
         Total |   1962 |   1874 |     88 |    188 |   1431 |   2 |  981.0 |
       Dungeon |   1962 |   1874 |     88 |    188 |   1431 |   2 |  981.0 |
               +--------+--------+--------+--------+--------+-----+--------+

Top non-repeatable levels by time:
     D:1: 1148 daAuts
     D:2: 813 daAuts
